 Dungeon Crawl Stone Soup version 0.29.1-15-g9cfb28693d (webtiles) character file.

Game seed: 14763141908512063826

67 ChiefBigBeans the Trooper (level 4, -3/41 HPs)
             Began as a Minotaur Abyssal Knight on Feb 24, 2023.
             Was a Priest of Lugonu.
             Killed from afar by a white imp (6 damage)
             ... with a puff of frost
             ... summoned by Natasha
             ... on level 2 of the Dungeon.
             The game lasted 00:05:08 (985 turns).

ChiefBigBeans the Trooper (Minotaur Abyssal Knight)  Turns: 985, Time: 00:05:13

Health: -3/41      AC:  5    Str: 19    XL:     4   Next: 0%
Magic:  3/4        EV: 11    Int:  7    God:    Lugonu [***...]
Gold:   76         SH:  0    Dex: 11    Spells: 3/3 levels left

rFire   . . .      SeeInvis .   a - +1 spear
rCold   . . .      Faith    .   (no shield)
rNeg    . . .      Spirit   .   c - +0 ring mail
rPois   .          Reflect  .   (helmet restricted)
rElec   .          Harm     .   (no cloak)
rCorr   .          Rampage  .   (no gloves)
Will    .....                   (no boots)
Stlth   +.........              (no amulet)
HPRegen 0.13/turn               (no ring)
MPRegen 0.09/turn               (no ring)

@: slowed, very slow
A: horns 2, retaliatory headbutt
a: Renounce Religion, Depart the Abyss, Bend Space, Banish


You were on level 2 of the Dungeon.
You worshipped Lugonu.
Lugonu was most pleased with you.
You visited 1 branch of the dungeon, and saw 2 of its levels.
You visited the Abyss 1 time.

You collected 76 gold pieces.

Inventory:

Hand Weapons
 a - a +1 spear (weapon)
Missiles
 e - 16 stones
Armour
 b - a +0 leather armour
 c - a +0 ring mail (worn)
Scrolls
 d - 2 scrolls of teleportation {unknown}
 g - a scroll of blinking {unknown}
 h - a scroll of identify {unknown}
Potions
 i - a potion of heal wounds {unknown}
 j - a potion of mutation {unknown}
 k - a potion of cancellation {unknown}


   Skills:
 + Level 4.5 Fighting
 + Level 3.5 Polearms
 + Level 3.5 Armour
 - Level 1.2 Dodging
 - Level 1.8 Invocations


You had 3 spell levels left.
You didn't know any spells.
Your spell library contained the following spells:

 Spells                   Type           Power      Damage    Failure   Level
 Cause Fear               Hex            0%         N/A       100%        4
 Dragon Form              Tmut           0%         N/A       100%        7
 Dragon's Call            Summ           0%         N/A       100%        9


Dungeon Overview and Level Annotations

Branches:
Dungeon (2/15)

Altars:

Annotations:
D:2 Natasha


Innate Abilities, Weirdness & Mutations

You have a pair of horns on your head.
You reflexively headbutt those who attack you in melee.


Message History

You feel yourself slow down.
You barely miss Natasha.
Natasha is heavily wounded.
Natasha extends her claws.
Natasha claws you!
You hit Natasha but do no damage. You headbutt Natasha.
Natasha is heavily wounded.
Natasha casts a spell.
You closely miss Natasha.
Natasha is heavily wounded.
Natasha claws you. The crimson imp misses you. You furiously retaliate!
You headbutt the crimson imp. The shadow imp closely misses you.
You furiously retaliate!
You headbutt the shadow imp.
You are too injured to fight recklessly!
You are too injured to fight recklessly!
You hit Natasha but do no damage.
Natasha is heavily wounded.
Natasha claws you.
The crimson imp blinks!
The shadow imp grins evilly.
The shadow imp gestures at you. Pain shoots through your body!
* * * LOW HITPOINT WARNING * * *
Natasha stares at you and mumbles some strange words.
The magic dart hits you!
* * * LOW HITPOINT WARNING * * *
You fail to use your ability.
The shadow imp closely misses you.
Natasha casts a spell.
The shadow imp hits you.
* * * LOW HITPOINT WARNING * * *
Space bends violently around you!
You blink.
Natasha mumbles some strange words.
Natasha shimmers violently.
Okay, then.
As you read the scroll labelled PESOLOSOUT, it crumbles to dust.
Wisps of shadow whirl around you...
It was a scroll of summoning.
Natasha casts a spell at you. You resist with some effort.
The white imp gestures at you. The puff of frost hits you.
You die...

#.......##....#.. #..
####.#####.##....... #...
#####..........######.#.
#... #........##.#### ##
#... ##...##.###.#..##.#
... ####
..........#.#...#)###....
...........#.#.#........
##.......#.#.#..##....
##.5##...@.B...# ..
##5h....r#.##.#
#ยง##.####.# .#
#......##.# .#
.5##.#.##.# .# ...##.#
#... ## .#..# .. ..#
###..# ## ....


You could see Natasha (ally target), a crimson imp (summoned), a white imp
(summoned), a friendly giant cockroach (summoned) and a friendly rat (summoned).

Vanquished Creatures
  A gnoll (D:1)
  3 adders (D:2)
  A worm (D:2)
  2 dart slugs (D:1)
  A bat (D:1)
  3 endoplasms
  2 goblins (D:1)
  A hobgoblin (D:1)
  2 quokkas (D:1)
  2 ball pythons
  A frilled lizard (D:1)
  5 kobolds
  2 rats
26 creatures vanquished.

Notes
Turn   | Place    | Note
-------+----------+-------------------------------------------
     0 | Abyss:1  | ChiefBigBeans the Minotaur Abyssal Knight began the quest
                  | for the Orb.
     0 | Abyss:1  | Reached XP level 1. HP: 19/19 MP: 1/1
     1 | D:1      | Escaped the Abyss
   139 | D:1      | Reached XP level 2. HP: 27/27 MP: 2/2
   191 | D:1      | Reached skill level 4 in Fighting
   305 | D:1      | Reached XP level 3. HP: 32/33 MP: 3/3
   944 | D:2      | Reached *** piety under Lugonu
   966 | D:2      | Noticed Natasha
   970 | D:2      | Reached XP level 4. HP: 41/41 MP: 4/4
   985 | D:2      | Killed from afar by a white imp

Illustrated notes

Levels and vault maps discovered:
D:1:      zaba_arrival_water, layout_rooms
D:2:      layout_loops_cross, hellmonk_ecumenical_altar_zigzags,
          minmay_misc_feat_room, minmay_distorted, uniq_robin, uniq_natasha,
          uniq_terence

Skill      XL: |  1  2 |
---------------+-------+-----
Fighting       | 4 |  4.5
Polearms       | 3 |  3.5
Armour         | 3 |  3.5
Dodging        | |  1.2
Invocations    | |  1.8

Action                   |  1- 3 |  4- 6 || total
-------------------------+-------+-------++-------
Melee: Spear             |    65 |    13 ||    78
       Punch             |     3 |       ||     3
       Headbutt          |     6 |     1 ||     7
Invok: Bend Space        |       |     1 ||     1
  Use: Scroll            |       |     1 ||     1
Armor: Ring mail         |    21 |     2 ||    23
Dodge: Dodged            |    29 |     5 ||    34
